General information
			
			
        
        - name: BNet
 
        - type: Ladder team game (AT/RT)
 
        - host: Battle.net
 
        - saver: TIMG4STRok
 
        
map: GoldRush 
        - players: 8
 
        - length: 10:23
 
        - speed: Fast
 - version: 1.22 W3XP
 - replay type:  

 
» download(88 KB)
Players
        team 1 (winner) 
              
              
298739283939208 (
blue | 82 APM | 853 actions | 10:22)
              
 3 Goblin Tinker 
 2 Pocket Factory
 1 Engineering Upgrade
 
                » actions 
                
                | Assign group hotkey | 20 |  | 
| Build / train | 24 |  | 
| ESC pressed | 3 |  | 
| Enter build submenu | 14 |  | 
| Enter hero's abilities submenu | 3 |  | 
| Remove unit from queue | 3 |  | 
| Right click | 384 |  | 
| Select / deselect | 148 |  | 
| Select group hotkey | 228 |  | 
| Use ability | 26 |  | 
                853 total
 » units 
                » buildings
                
                | Moon Well | 3 |  | 
| Altar of Elders | 1 |  | 
| Hunter's Hall | 2 |  | 
| Ancient of War | 3 |  | 
| Tree of Ages | 1 |  | 
| Tree of Life | 2 |  | 
                12 total
 » build order
                00:11 Moon Well
00:52 Altar of Elders
02:40 Hunter's Hall
02:42 Ancient of War
02:52 Ancient of War
02:55 Hunter's Hall
03:42 Ancient of War
04:32 Moon Well
04:58 Tree of Ages
05:05 Moon Well
06:20 Tree of Life
09:23 Tree of Life
 
               
              
              
NADMaN (
pink | 133 APM | 1377 actions | 10:22)
              
 3 Goblin Tinker 
 1 Pocket Factory
 2 Engineering Upgrade
 3 Pandaren Brewmaster 
 2 Breath of Fire
 1 Drunken Haze
 
                » actions 
                
                | Assign group hotkey | 6 |  | 
| Basic commands | 74 |  | 
| Build / train | 33 |  | 
| Enter build submenu | 8 |  | 
| Enter hero's abilities submenu | 7 |  | 
| Right click | 512 |  | 
| Select / deselect | 195 |  | 
| Select group hotkey | 513 |  | 
| Use ability | 29 |  | 
                1377 total
 » units 
                
                | Acolyte | 7 |  | 
| Ghoul | 2 |  | 
| Crypt Fiend | 7 |  | 
                16 total
 » buildings
                
                | Crypt | 1 |  | 
| Graveyard | 1 |  | 
| Ziggurat | 3 |  | 
| Altar of Darkness | 1 |  | 
| Halls of the Dead | 2 |  | 
| Necropolis | 1 |  | 
| Black Citadel | 2 |  | 
                11 total
 » build order
                00:07 Crypt
00:16 Graveyard
00:39 Ziggurat
00:56 Altar of Darkness
01:32 Ziggurat
04:07 Halls of the Dead
04:08 Halls of the Dead
04:59 Ziggurat
06:10 Necropolis
08:58 Black Citadel
08:59 Black Citadel
» items
                
                | Healing Salve | 2 |  | 
| Lesser Clarity Potion | 1 |  | 
                3 total
  
               
              
              
TALONSAREIMBA (
yellow | 82 APM | 848 actions | 10:22)
              
 2 Goblin Tinker 
 1 Pocket Factory
 1 Engineering Upgrade
 
                » actions 
                
                | Assign group hotkey | 14 |  | 
| Basic commands | 76 |  | 
| Build / train | 24 |  | 
| Enter build submenu | 13 |  | 
| Enter hero's abilities submenu | 2 |  | 
| Right click | 380 |  | 
| Select / deselect | 194 |  | 
| Select group hotkey | 126 |  | 
| Use ability | 19 |  | 
                848 total
 » units 
                » buildings
                
                | Crypt | 2 |  | 
| Ziggurat | 5 |  | 
| Altar of Darkness | 1 |  | 
| Graveyard | 1 |  | 
| Halls of the Dead | 2 |  | 
| Necropolis | 1 |  | 
| Sacrificial Pit | 1 |  | 
| Black Citadel | 1 |  | 
                14 total
 » build order
                00:05 Crypt
00:11 Ziggurat
00:23 Crypt
00:56 Altar of Darkness
01:30 Ziggurat
02:43 Ziggurat
07:07 Graveyard
07:27 Halls of the Dead
07:27 Halls of the Dead
08:12 Ziggurat
09:10 Necropolis
09:44 Ziggurat
09:49 Sacrificial Pit
10:04 Black Citadel
 
               
              
              
» 
TIMG4STRok (
purple | 159 APM | 1657 actions | 10:23)
              
 4 Goblin Tinker 
 2 Pocket Factory
 2 Engineering Upgrade
 1 Pandaren Brewmaster 
 1 Breath of Fire
 
                » actions 
                
                | Assign group hotkey | 15 |  | 
| Basic commands | 58 |  | 
| Build / train | 29 |  | 
| Enter build submenu | 10 |  | 
| Enter hero's abilities submenu | 5 |  | 
| Right click | 755 |  | 
| Select / deselect | 150 |  | 
| Select group hotkey | 598 |  | 
| Use ability | 37 |  | 
                1657 total
 » units 
                » upgrades
                
                | Pillage | 1 |  | 
| Berserker Strength | 1 |  | 
| Ensnare | 1 |  | 
                3 total
 » buildings
                
                | Altar of Storms | 1 |  | 
| Orc Burrow | 4 |  | 
| Barracks | 1 |  | 
| Stronghold | 1 |  | 
| Voodoo Lounge | 1 |  | 
| Beastiary | 2 |  | 
| Fortress | 1 |  | 
| War Mill | 1 |  | 
                12 total
 » build order
                00:03 Altar of Storms
00:14 Orc Burrow
00:40 Barracks
01:48 Orc Burrow
02:37 Stronghold
03:55 Orc Burrow
04:18 Voodoo Lounge
05:09 Beastiary
05:10 Beastiary
06:09 Orc Burrow
10:07 Fortress
10:12 War Mill
» items
                
                | Healing Salve | 1 |  | 
| Lesser Clarity Potion | 1 |  | 
                2 total
  
               team 2 (loser) 
              
              
D4MNYOURUGLY (
orange | 34 APM | 330 actions | 09:48)
              
 2 Death Knight 
 1 Death Coil
 1 Unholy Aura
 
                » actions 
                
                | Basic commands | 22 |  | 
| Build / train | 15 |  | 
| Enter build submenu | 10 |  | 
| Enter hero's abilities submenu | 2 |  | 
| Right click | 150 |  | 
| Select / deselect | 111 |  | 
| Use ability | 20 |  | 
                330 total
 » units 
                
                | Acolyte | 2 |  | 
| Ghoul | 2 |  | 
| Crypt Fiend | 5 |  | 
                9 total
 » buildings
                
                | Crypt | 2 |  | 
| Ziggurat | 3 |  | 
| Altar of Darkness | 1 |  | 
| Graveyard | 1 |  | 
| Halls of the Dead | 1 |  | 
| Nerubian Tower | 1 |  | 
                9 total
 » build order
                00:30 Crypt
00:36 Ziggurat
00:46 Altar of Darkness
01:07 Graveyard
01:24 Crypt
02:05 Ziggurat
04:18 Halls of the Dead
05:01 Ziggurat
05:07 Nerubian Tower
» items
                 
               
              
              
FUNKSTER49 (
red | 46 APM | 474 actions | 10:21)
              
 2 Paladin 
 1 Holy Light
 1 Divine Shield
 
                » actions 
                
                | Assign group hotkey | 11 |  | 
| Basic commands | 53 |  | 
| Build / train | 41 |  | 
| ESC pressed | 1 |  | 
| Enter build submenu | 10 |  | 
| Enter hero's abilities submenu | 2 |  | 
| Remove unit from queue | 1 |  | 
| Right click | 83 |  | 
| Select / deselect | 151 |  | 
| Select group hotkey | 76 |  | 
| Use ability | 45 |  | 
                474 total
 » units 
                » upgrades
                » buildings
                
                | Farm | 4 |  | 
| Altar of Kings | 1 |  | 
| Barracks | 1 |  | 
| Blacksmith | 1 |  | 
| Keep | 2 |  | 
| Lumber Mill | 2 |  | 
                11 total
 » build order
                00:03 Farm
00:04 Altar of Kings
00:05 Barracks
01:09 Farm
01:12 Farm
02:42 Blacksmith
04:15 Keep
04:15 Keep
04:22 Farm
05:17 Lumber Mill
06:20 Lumber Mill
» items
                 
               
              
              
I)ARKNESS.FALLS (
green | 36 APM | 356 actions | 09:51)
              
 2 Death Knight 
 1 Death Coil
 1 Unholy Aura
 
                » actions 
                
                | Basic commands | 1 |  | 
| Build / train | 17 |  | 
| Enter build submenu | 12 |  | 
| Enter hero's abilities submenu | 2 |  | 
| Right click | 202 |  | 
| Select / deselect | 103 |  | 
| Use ability | 19 |  | 
                356 total
 » units 
                
                | Acolyte | 7 |  | 
| Ghoul | 3 |  | 
| Crypt Fiend | 2 |  | 
                12 total
 » buildings
                
                | Altar of Darkness | 1 |  | 
| Ziggurat | 3 |  | 
| Crypt | 2 |  | 
| Graveyard | 1 |  | 
| Tomb of Relics | 1 |  | 
| Spirit Tower | 2 |  | 
                10 total
 » build order
                00:09 Altar of Darkness
00:11 Ziggurat
00:37 Crypt
01:02 Graveyard
01:29 Ziggurat
02:30 Crypt
02:33 Tomb of Relics
03:24 Spirit Tower
04:07 Spirit Tower
09:06 Ziggurat
 
               
              
              
IWINKTHXBYE (
teal | 55 APM | 532 actions | 09:42)
              
 2 Death Knight 
 1 Death Coil
 1 Unholy Aura
 1 Naga Sea Witch 
 1 Forked Lightning
 
                » actions 
                
                | Assign group hotkey | 55 |  | 
| Build / train | 22 |  | 
| Enter build submenu | 9 |  | 
| Enter hero's abilities submenu | 3 |  | 
| Right click | 254 |  | 
| Select / deselect | 105 |  | 
| Select group hotkey | 63 |  | 
| Use ability | 20 |  | 
                532 total
 » units 
                
                | Acolyte | 2 |  | 
| Ghoul | 1 |  | 
| Crypt Fiend | 11 |  | 
                14 total
 » buildings
                
                | Graveyard | 1 |  | 
| Crypt | 1 |  | 
| Ziggurat | 4 |  | 
| Altar of Darkness | 1 |  | 
| Tomb of Relics | 1 |  | 
| Nerubian Tower | 1 |  | 
| Spirit Tower | 1 |  | 
| Halls of the Dead | 1 |  | 
                11 total
 » build order
                00:18 Graveyard
00:21 Crypt
00:39 Ziggurat
00:59 Altar of Darkness
01:24 Ziggurat
02:28 Tomb of Relics
02:58 Nerubian Tower
05:04 Spirit Tower
05:07 Ziggurat
06:05 Halls of the Dead
06:32 Ziggurat
 
                Chat log
          (00:35 / All) IWINKTHXBYE: your moms talon is imba
(00:43 / All) TALONSAREIMBA: ....
(00:46 / All) TIMG4STRok: da f*ck u say
(00:50 / All) I)ARKNESS.FALLS: im gonna make your moms talon imba
(00:51 / All) IWINKTHXBYE: stfu bitches
(00:59 / All) 298739283939208: OH NO
(01:01 / All) 298739283939208: 3X UD
(01:03 / All) 298739283939208: HOW PRO
(01:06 / Allies) TALONSAREIMBA: crypt zig crypt altar
(01:09 / All) 298739283939208: HOW MANY FROST WORMS DO YOU NEED
(01:18 / All) IWINKTHXBYE: we'll get alot okay/
(01:20 / All) IWINKTHXBYE: wyrms*
(01:20 / All) IWINKTHXBYE: noob
(01:21 / All) FUNKSTER49: lol
(01:35 / All) IWINKTHXBYE: gtfo pieces of nigger
(01:43 / All) TIMG4STRok: hey an undead who cant play relying on wyrm crutch what a surprise
(01:50 / All) IWINKTHXBYE: its okay
(01:54 / All) IWINKTHXBYE: its a unit in the game right?
(01:58 / All) IWINKTHXBYE: so i can get it
(02:03 / All) TIMG4STRok: wah i cant hit 100 apm going to pick 3 ud wah
(02:06 / All) TIMG4STRok: wahhhhhh
(02:13 / All) IWINKTHXBYE: i have like 50 apm fag
(02:14 / All) I)ARKNESS.FALLS: im gonna mass some niggers ftw
(02:17 / All) IWINKTHXBYE: im pro
(09:45 / All) NADMaN: thanks
(09:45 / All) TALONSAREIMBA: leave
(09:46 / All) NADMaN: leave now
(09:49 / All) TIMG4STRok: i win k thx BYE!!!
(09:51 / All) NADMaN: tia
(09:52 / All) NADMaN: ti
(09:52 / All) NADMaN: a
(09:54 / All) TALONSAREIMBA: u suck
(09:57 / All) FUNKSTER49: its funny
(10:05 / All) FUNKSTER49: you told us we rely on wyrms
(10:06 / All) 298739283939208: 3X UD WORM RELIANCE LOSES
(10:08 / All) 298739283939208: ROFLE
(10:09 / All) FUNKSTER49: but mass tinkers..
(10:14 / All) TALONSAREIMBA: takes skill
(10:15 / All) FUNKSTER49: wow dude thsi is so much worse
(10:15 / All) TALONSAREIMBA: and micro
(10:16 / All) FUNKSTER49: lol
(10:16 / All) NADMaN: rifk
(10:19 / All) FUNKSTER49: ur kidding me
(10:22 / All) 298739283939208: IF WE DIDNT STOP YOU WOULD OF FUCKING MASSED WORM